 Dungeon Crawl Stone Soup version 0.30-a0-373-gd37427bb62 (webtiles) character file.

Game seed: 7897005152610286124

1040 Nattfarinn the Grave Robber (level 8, -9/61 HPs)
             Began as a Mummy Necromancer on Nov 24, 2022.
             Was a Believer of Ashenzari.
             Killed by divine providence
             ... invoked by an orc priest
              (12 damage)
             ... on level 6 of the Dungeon.
             The game lasted 00:16:00 (5658 turns).

Nattfarinn the Grave Robber (Mummy Necromancer)     Turns: 5658, Time: 00:16:01

Health: -9/61      AC:  5    Str: 18    XL:     8   Next: 4%
Magic:  5/18       EV: 12    Int: 16    God:    Ashenzari [**....]
Gold:   110        SH:  0    Dex: 12    Spells: 16/20 levels left

rFire   x . .      SeeInvis +    i - +0 great sword (vorpal)
rCold   + . .      Faith    +    (shield currently unavailable)
rNeg    + + +      Spirit   .    a - +0 robe "Share My Oracle" {Evo, Self} (curse)
rPois   ∞          Reflect  .    (no helmet)
rElec   .          Harm     .    (no cloak)
rCorr   .          Rampage  .    p - +2 pair of gloves "Shattered Paranoia" {Comp, Alch} (curse)
Will    +....                    (no boots)
Stlth   ++........               (no amulet)
HPRegen 0.30/turn                k - ring of the Lashed Sky {Str+6, Evo, Range} (curse)
MPRegen 0.16/turn                (no ring)

@: about to teleport
A: cold resistance 1, negative energy resistance 3, torment resistance 2, heat
vulnerability 1, in touch with death 1, no potions, faith
a: Renounce Religion, Shatter the Chains


You were on level 6 of the Dungeon.
You worshipped Ashenzari.
Ashenzari was pleased with you.
You visited 1 branch of the dungeon, and saw 6 of its levels.

You collected 295 gold pieces.
You spent 185 gold pieces at shops.

Inventory:

Hand Weapons
 b - a +0 mace
 e - a +1 dagger of speed
 f - a +0 vampiric short sword
 i - a +0 vorpal great sword (weapon)
Armour
 a - the cursed +0 robe "Share My Oracle" (worn) {Evo, Self}

   It has a curse which improves the following skills: Evocations: Evocations.
   Introspection: Fighting and Spellcasting.
 h - a +0 buckler
 p - the cursed +2 pair of gloves "Shattered Paranoia" (worn) {Comp, Alch}
   (You found it on level 5 of the Dungeon)

   It has a curse which improves the following skills: Companions: Summonings
   and Necromancy.
   Alchemy:   Poison Magic and Transmutations.
Jewellery
 k - the cursed ring of the Lashed Sky (left hand) {Str+6, Evo, Range}
   (You found it on level 3 of the Dungeon)

   [ring of strength]

   Str:       It affects your strength (+6).
   It has a curse which improves the following skills: Evocations: Evocations.
   Ranged Combat: Ranged Weapons and Throwing.
Wands
 d - a wand of charming (1)
Scrolls
 g - a scroll of butterflies
 j - a scroll of magic mapping
 l - a scroll of brand weapon
 m - a scroll of poison
 o - 2 scrolls of enchant weapon
 q - a scroll of amnesia
 r - a scroll of enchant armour


   Skills:
 + Level 3.2(4.3) Fighting
 - Level 1.5 Dodging
 - Level 1.5 Stealth
 * Level 3.9 Shields
 - Level 5.4(6.7) Spellcasting
 - Level 7.1(8.4) Necromancy


You had 16 spell levels left.
You knew the following spells:

 Your Spells              Type           Power      Damage    Failure   Level
a - Necrotise             Necr           100%       1d9       1%          1
b - Vampiric Draining     Necr           48%        2d9       1%          3

Your spell library contained the following spells:

 Spells                   Type           Power      Damage    Failure   Level
 Animate Dead             Necr           48%        N/A       4%          4
 Agony                    Necr           48%        N/A       12%         5
 Animate Armour           Summ/Erth      10%        N/A       77%         4
 Iron Shot                Conj/Erth      2%         9d2       100%        6
 Blade Hands              Tmut           Unusable   N/A       N/A         5

Dungeon Overview and Level Annotations

Branches:
Dungeon (6/15)             Temple (0/1) D:5

Altars:
Ashenzari
Cheibriados
Makhleb
Nemelex Xobeh
Ru
Uskayaw

Shops:
D:5 ?

Annotations:
D:3 Sigmund
D:5 Pikel
D:6 Dowan, Duvessa


Innate Abilities, Weirdness & Mutations

You are immune to poison.
Your flesh is cold resistant. (rC+)
You are immune to negative energy. (rN+++)
You are immune to unholy pain and torment.
You are vulnerable to heat. (rF-)
You are in touch with the powers of death.
You do not drink.
You have a special connection with the divine. (Faith)


Message History

Your butterfly disappears in a burst of colours!
Your butterfly is engulfed in poison gas.
Your butterfly is poisoned.
You kill your butterfly!
Your butterfly disappears in a burst of colours!
Your butterfly is engulfed in poison gas.
Your butterfly is poisoned.
You kill your butterfly!
Your butterfly disappears in a burst of colours!
Your butterfly is engulfed in poison gas.
Your butterfly is poisoned.
You kill your butterfly!
Your butterfly disappears in a burst of colours!
Your butterfly is engulfed in poison gas.
Your butterfly is poisoned.
You kill your butterfly!
Your butterfly disappears in a burst of colours!
The bullfrog barely misses you.
Your butterfly is engulfed in poison gas.
Your butterfly looks even sicker.
You kill your butterfly!
Your butterfly disappears in a burst of colours!
Your butterfly is engulfed in poison gas.
Your butterfly is poisoned.
You kill your butterfly!
Your butterfly disappears in a burst of colours!
Your butterfly is engulfed in poison gas.
Your butterfly is poisoned.
You kill your butterfly!
Your butterfly disappears in a burst of colours!
The bullfrog closely misses you.
Unknown command.
You miss the bullfrog. The bullfrog hits you.
* * * LOW HITPOINT WARNING * * *
The bullfrog hits you.
* * * LOW HITPOINT WARNING * * *
A white imp comes into view.
The orc priest mumbles some strange prayers to Beogh against you.
Beogh smites you!
You die...

**
**#.............
,*
,....###.###§####*
, * ## ####.###§#
#.......§#
#.##..##§# * ,
#,##.#§§5#####
,#.###§o.....
##.#§§###. *
##.#@# * * *,
#.#F# , #.#e#
#.#§# * * *>
#.#§#* , #....§§§#
* , #....§§§# ,
#.....§§. * *
*...........,,


You could see Duvessa, a bullfrog, an orc priest and a white imp.

Vanquished Creatures
  Prince Ribbit (D:5)
  An ice beast (D:5)
  2 ogres (D:5)
  A centaur (D:6)
  2 lemures (D:5)
  A necrophage (D:5)
  A scorpion (D:5)
  A howler monkey (D:5)
  2 hounds (D:4)
  An iguana (D:4)
  2 orc wizards
  6 gnolls
  3 adders
  A shadow imp (D:5)
  A white imp (D:5)
  A dart slug (D:2)
  8 orcs
  6 bats
  9 endoplasms
  A giant cockroach (D:1)
  4 goblins
  7 hobgoblins
  9 jackals
  11 kobolds
  4 quokkas
  4 ball pythons
  4 frilled lizards
  8 rats
102 creatures vanquished.

Vanquished Creatures (collateral kills)
  A hound (D:4)
  An endoplasm (D:2)
2 creatures vanquished.

Grand Total: 104 creatures vanquished

Notes
Turn   | Place    | Note
-------+----------+-------------------------------------------
     0 | D:1      | Nattfarinn the Mummy Necromancer began the quest for the
                  | Orb.
     0 | D:1      | Reached XP level 1. HP: 13/13 MP: 4/4
   344 | D:1      | Reached XP level 2. HP: 19/19 MP: 4/6
   938 | D:1      | Gained mutation: You are in touch with the powers of death.
                  | [Mummy growth]
   938 | D:1      | Reached XP level 3. HP: 16/24 MP: 0/7
  1464 | D:2      | Reached skill level 5 in Necromancy
  1509 | D:2      | Found a hide-covered altar of Uskayaw.
  1558 | D:2      | Found a faded altar of an unknown god.
  1644 | D:2      | Learned a level 3 spell: Vampiric Draining
  1650 | D:2      | Reached XP level 4. HP: 30/30 MP: 4/9
  2339 | D:3      | Noticed Sigmund
  2402 | D:3      | Reached XP level 5. HP: 34/35 MP: 6/11
  2882 | D:3      | Found a sparkling altar of Nemelex Xobeh.
  3162 | D:4      | Reached skill level 6 in Necromancy
  3265 | D:4      | Found a snail-covered altar of Cheibriados.
  3266 | D:4      | Found a sacrificial altar of Ru.
  3315 | D:4      | Found a broken altar of Ashenzari.
  3318 | D:4      | Became a worshipper of Ashenzari the Shackled
  3810 | D:4      | Noticed a lemure
  3826 | D:5      | Entered Level 5 of the Dungeon
  3830 | D:5      | Noticed Prince Ribbit
  3853 | D:5      | Killed Prince Ribbit
  3854 | D:5      | Reached skill level 5 in Spellcasting
  3854 | D:5      | Reached skill level 7 in Necromancy
  3854 | D:5      | Reached XP level 6. HP: 29/41 MP: 1/14
  3990 | D:5      | Found a burning altar of Makhleb.
  4085 | D:5      | Found Qeskojid's Magic Scroll Shop.
  4091 | D:5      | Bought a scroll of enchant weapon for 75 gold pieces
  4091 | D:5      | Bought 3 scrolls of noise for 30 gold pieces
  4091 | D:5      | Bought a scroll of identify for 20 gold pieces
  4091 | D:5      | Bought a scroll of amnesia for 40 gold pieces
  4091 | D:5      | Bought a scroll of identify for 20 gold pieces
  4128 | D:5      | Found a staircase to the Ecumenical Temple.
  4177 | D:5      | Reached skill level 1 in Fighting
  4177 | D:5      | Reached skill level 1 in Shields
  4177 | D:5      | Reached XP level 7. HP: 30/48 MP: 8/15
  4753 | D:5      | Reached * piety under Ashenzari
  5085 | D:4      | Reached ** piety under Ashenzari
  5388 | D:4      | Noticed Pikel
  5645 | D:6      | Noticed Duvessa
  5648 | D:6      | Reached XP level 8. HP: 30/60 MP: 9/18
  5653 | D:6      | Noticed Dowan
  5658 | D:6      | HP: 3/61 [bullfrog (2)]
  5658 | D:6      | Killed from afar by an orc priest

Illustrated notes

Levels and vault maps discovered:
D:1:      ncdulo_halloftheorcs, layout_loops_corners,
          minmay_misc_feat_more_columns, serial_bayou_ford_a
D:2:      layout_basic, basic_altar, basic_ecumenical_altar,
          guppyfry_early_lair_pool
D:3:      layout_basic, nemelex_dance_club_becter, corexii_leaking_fountain,
          hangedman_feature_mirror, uniq_sigmund
D:4:      layout_layer_cave, ashenzari_altar_1, nicolae_overflow_squiral,
          chequers_serial_rivers_marsh, uniq_pikel
D:5:      layout_gridville, lemuel_tele_altar, temple_statues, serial_shops,
          shop, uniq_prince_ribbit1
D:6:      layout_loops_ring, uniq_blork_the_orc, uniq_eustachio, uniq_duvessa

Skill      XL: |  1  2  3  4  5  6  7 |
---------------+----------------------+-----
Spellcasting   | 3 4 5 |  5.4
Necromancy     | 5 7 |  7.1
Fighting       | 1 3 |  3.2
Shields        | 1 3 |  3.9
Dodging        | |  1.5
Stealth        | |  1.5

Action                   |  1- 3 |  4- 6 |  7- 9 || total
-------------------------+-------+-------+-------++-------
Melee: Mace              |     2 |       |       ||     2
       Short sword       |     3 |    23 |    16 ||    42
       Great sword       |       |       |    21 ||    21
 Cast: Necrotise         |    65 |   100 |    33 ||   198
       Vampiric Draining |       |     5 |     5 ||    10
Invok: Curse Item        |       |     1 |     2 ||     3
Evoke: Wand              |       |       |     2 ||     2
  Use: Scroll            |       |     7 |     5 ||    12
Armor: Robe              |     1 |     3 |    15 ||    19
Dodge: Dodged            |    12 |    27 |    43 ||    82
Block: Buckler           |       |     3 |     1 ||     4

Table legend: (Time is in decaauts)
 A = Elapsed time spent in this place.
 B = Non-inter-level travel time spent in this place.
 C = Inter-level travel time spent in this place.
 D = Time resting spent in this place.
 E = Time spent auto-exploring this place.
 F = Levels seen in this place.
 G = Mean time per level.
                   A        B        C        D        E       F      G
               +--------+--------+--------+--------+--------+-----+--------+
         Total |   5695 |   5427 |    268 |    402 |   4256 |   6 |  949.2 |
       Dungeon |   5695 |   5427 |    268 |    402 |   4256 |   6 |  949.2 |
               +--------+--------+--------+--------+--------+-----+--------+

Top non-repeatable levels by time:
     D:1: 1385 daAuts
     D:5: 1331 daAuts
     D:4: 1132 daAuts
     D:3: 975 daAuts
     D:2: 751 daAuts
     D:6: 119 daAuts
